[Event "FRA-chTW Top 12 2019"]
[Site "Vandoeuvre"]
[Date "2019.05.05"]
[Round "5.12"]
[White "Moingt, Anne"]
[Black "Aggoune, Liza"]
[Result "1-0"]
[ECO "B42"]
[WhiteElo "2042"]
[BlackElo "1769"]
[Annotator "NA RC"]
[PlyCount "59"]
[EventDate "2019.05.02"]
[EventType "team-tourn"]
[EventCountry "FRA"]
[SourceTitle "playchess.com"]
[Source "ChessBase"]
[SourceQuality "1"]
[TimeControl "40/5400+30:1800+30"]

1. e4 c5 2. Nf3 e6 3. d4 cxd4 4. Nxd4 a6 5. Bd3 Bc5 6. Nb3 Be7 7. Nc3 Nc6 {[%emt 0:01:07] B42: Sicilian: Kan Variation: 5 Bd3} 8. O-O Nf6 9. f4 d6 10. Qe2 Qc7 11. Bd2 b6 (11... b5 12. a4 b4 13. Nd1 O-O 14. Nf2 e5 15. f5 Rd8 16. Bg5 Bb7 17. Rae1 d5 18. Bxf6 Bxf6 {1-0 (53) Najer,E (2663)-Korobov,A (2694) Czech Republic 2018}) 12. Rae1 Bb7 13. a3 O-O 14. Kh1 {[%emt 0:00:22] [#]} Rfd8 $146 ({Predecessor:} 14... g6 15. Rf3 Rfe8 16. Rh3 Bf8 17. Qf2 Bg7 18. Qh4 {0-1 (61) Zapata,A (2580)-Gurevich,I (2515) St Martin 1993}) 15. e5 Nd7 16. exd6 Bxd6 17. Ne4 Be7 18. Bc3 e5 19. Qh5 $18 g6 20. Qh6 Bf8 21. Qh3 Bg7 22. Ng5 Nf8 23. fxe5 Bc8 24. Qh4 Be6 25. Bc4 Bxc4 26. Qxc4 Rd7 27. e6 Nxe6 28. Nxe6 fxe6 29. Qxe6+ Kh8 30. Qe8+ 1-0